 Dungeon Crawl Stone Soup version 0.20.1-4-g4af34eaf8e (webtiles) character file.

273 Alfie the Shooter (level 6, -17/52 HPs)
             Began as a Minotaur Hunter on Mar 5, 2020.
             Demolished by an ogre
             ... wielding a +0 giant club
              (21 damage)
             ... on level 3 of the Dungeon.
             The game lasted 00:07:28 (1947 turns).

Alfie the Shooter (Minotaur Hunter)                 Turns: 1947, Time: 00:07:29

Health: -17/52     AC:  3    Str: 15 (18) XL:     6   Next: 3%
Magic:  5/5        EV: 12    Int:  7 (8)  God:
Gold:   147        SH:  0    Dex: 10 (11) Spells: 5/5 levels left

rFire    . . .     SeeInvis .   b - +0 short sword
rCold    . . .     Gourm    .   (no shield)
rNeg     . . .     Faith    .   c - +0 leather armour
rPois    .         Spirit   .   (helmet restricted)
rElec    .         Reflect  .   (no cloak)
rCorr    .         Harm     .   (no gloves)
MR       .....                  (no boots)
Stlth    +.........             (no amulet)
Regen    0.2/turn               (no ring)
MPRegen  0.1/turn               (no ring)

@: no status effects
A: retaliatory headbutt, horns 2
a: no special abilities


You were on level 3 of the Dungeon.
You were not hungry.

You visited 1 branch of the dungeon, and saw 4 of its levels.

You collected 147 gold pieces.

Inventory:

Hand Weapons
 a - a +1 shortbow
 b - a +0 short sword (weapon)
Missiles
 d - 118 arrows
Armour
 c - a +0 leather armour (worn)
Jewellery
 l - an uncursed ring of resist corrosion {unknown}
Wands
 s - a wand of polymorph (5/24)
Scrolls
 g - a scroll of magic mapping
 i - a scroll of amnesia
 o - a scroll of fear {unknown}
 p - a scroll of fog {unknown}
 q - a scroll of noise {unknown}
 r - 2 scrolls of remove curse
 t - a scroll of recharging {unknown}
Potions
 e - a potion of brilliance {unknown}
 h - a potion of agility {unknown}
 j - a potion of degeneration
 k - 2 potions of flight {unknown}
 m - 2 potions of berserk rage {unknown}
 n - a potion of heal wounds {unknown}
Comestibles
 f - a bread ration


   Skills:
 + Level 3.8 Fighting
 + Level 0.2 Short Blades
 + Level 7.1 Bows
 + Level 1.9 Armour
 + Level 2.4 Dodging
 + Level 0.7 Stealth


You had 5 spell levels left.
You didn't know any spells.

Dungeon Overview and Level Annotations

Branches:
Dungeon (4/15)
 Temple: D:4-7

Altars:
Elyvilon
Hepliaklqana
Nemelex Xobeh


Innate Abilities, Weirdness & Mutations

You reflexively headbutt those who attack you in melee.
You have a pair of horns on your head.


Message History

Wield which item (- for none, * to show all)? (? for menu, Esc to quit)
b - a +0 short sword (weapon)
You hit the ogre. You headbutt the ogre.
The ogre is moderately wounded.
The ogre completely misses you.
You barely miss the ogre.
The ogre is moderately wounded.
The ogre misses you. You furiously retaliate!
You headbutt the ogre. You hit the ogre.
The ogre is heavily wounded.
You hit the ogre.
The ogre is severely wounded.
The ogre barely misses you.
You hit the ogre but do no damage. You headbutt the ogre.
The ogre is severely wounded.
The ogre misses you.
You hit the ogre but do no damage. You headbutt the ogre.
The ogre is almost dead.
The ogre hits you with a giant club!!
You die...

.....#### ##.#####.###..## #.
........### #........#..>## #.
.##.>##...#####.......##.### #.
.##..####.....#.......##.# #.
.##..# #####.........##.# #.
..#..# ###........##.# #. ..#..#
##.....#####...# #. ..##.#
##......(..##.### #. ..##.##
#......@......##### ##
..##..####....<..O.###.....#
##......##.........###.###.######
#......##.........##..# #...(...
#......##.........##.## ########
#......##............#
#......##.........####
#......##.........#
#########.........#


You could see an ogre.

Vanquished Creatures
  2 orc priests
  2 orc wizards (D:3)
  Terence (D:2)
  Robin (D:2)
  3 adders (D:2)
  An ooze (D:2)
  5 worms
  2 dart slugs
  2 leopard geckos (D:3)
  5 orcs (D:3)
  4 giant cockroaches
  5 hobgoblins
  4 jackals
  A ball python (D:1)
  7 bats
  2 frilled lizards
  13 goblins
  7 kobolds
  6 rats
73 creatures vanquished.

Notes
Turn   | Place    | Note
-------+----------+-------------------------------------------
     0 | D:1      | Alfie the Minotaur Hunter began the quest for the Orb.
     0 | D:1      | Reached XP level 1. HP: 18/18 MP: 0/0
   118 | D:1      | Reached XP level 2. HP: 11/25 MP: 1/1
   364 | D:1      | Reached skill level 5 in Bows
   668 | D:2      | Found a white marble altar of Elyvilon.
   668 | D:2      | Noticed Robin
   682 | D:2      | Reached XP level 3. HP: 25/30 MP: 2/2
   687 | D:2      | Killed Robin
   687 | D:2      | Reached skill level 1 in Armour
   865 | D:2      | Reached XP level 4. HP: 26/38 MP: 3/3
   892 | D:2      | Found a sparkling altar of Nemelex Xobeh.
  1064 | D:2      | Found a hazy altar of Hepliaklqana.
  1311 | D:2      | Noticed Terence
  1325 | D:2      | Killed Terence
  1325 | D:2      | Reached skill level 6 in Bows
  1488 | D:3      | Reached XP level 5. HP: 39/45 MP: 4/4
  1932 | D:4      | Noticed an ogre
  1936 | D:4      | Reached skill level 7 in Bows
  1936 | D:4      | Reached XP level 6. HP: 52/52 MP: 5/5
  1947 | D:3      | Demolished by an ogre

Skill      XL: |  1  2  3  4  5 |
---------------+----------------+-----
Bows           | 5 6 7 |  7.1
Armour         | 1 |  1.9
Fighting       | 3 |  3.8
Short Blades   | |  0.2
Dodging        | |  2.4
Stealth        | |  0.7

Action                   |  1- 3 |  4- 6 || total
-------------------------+-------+-------++-------
Melee: Short sword       |    16 |    20 ||    36
       Headbutt          |       |     6 ||     6
       Shortbow          |       |     2 ||     2
 Fire: Shortbow          |    77 |    96 ||   173
  Use: Scroll            |     4 |       ||     4
       Potion            |       |     1 ||     1
  Eat: Royal jelly       |       |     2 ||     2
Armor: Leather armour    |    11 |     8 ||    19
Dodge: Dodged            |    37 |    18 ||    55
